 Dungeon Crawl Stone Soup version 0.20.1-1-g8b1a95d66d (webtiles) character file.

501 Meaglor the Caller (level 6, 0/34 HPs)
             Began as a Deep Elf Summoner on Dec 1, 2017.
             Slain by a wight
             ... wielding a cursed +2 battleaxe
              (9 damage)
             ... on level 6 of the Dungeon.
             The game lasted 00:31:41 (6935 turns).

Meaglor the Caller (Deep Elf Summoner)              Turns: 6935, Time: 00:31:44

Health: 0/34       AC:  5    Str:  5      XL:     6   Next: 95%
Magic:  6/17       EV: 12    Int: 21      God:
Gold:   239        SH:  0    Dex: 13 (16) Spells: 4/17 levels left

rFire    . . .     SeeInvis .   p - +2 whip (freeze)
rCold    . . .     Gourm    .   (no shield)
rNeg     . . .     Faith    .   l - +1 leather armour
rPois    .         Spirit   .   (no helmet)
rElec    .         Reflect  .   (no cloak)
rCorr    .         Harm     .   (no gloves)
MR       .....                  r - +0 pair of boots
Stlth    +.........             (no amulet)
Regen    0.2/turn               s - ring of wizardry
MPRegen  0.2/turn               (no ring)

@: confused, drained
A: no striking features
a: no special abilities


You were on level 6 of the Dungeon.
You were not hungry.

You visited 1 branch of the dungeon, and saw 6 of its levels.

You collected 239 gold pieces.

Inventory:

Hand Weapons
 e - a +1 short sword
 p - a +2 whip of freezing (weapon)
Missiles
 c - 4 tomahawks
 g - 4 javelins (quivered)
 o - 6 needles of paralysis
Armour
 a - a +0 robe
 l - a +1 leather armour (worn)
 q - a +0 robe
 r - a +0 pair of boots (worn)
Jewellery
 s - a ring of wizardry (left hand)
Scrolls
 h - a scroll of fog
 i - 2 scrolls of identify
 k - a scroll of random uselessness
 m - 2 scrolls of remove curse
Potions
 n - 2 potions of lignification
Books
 b - a book of Callings

   Spells                             Type                      Level
   a - Summon Small Mammal            Summoning                    1
   b - Call Imp                       Summoning                    2
   c - Call Canine Familiar           Summoning                    3
   d - Summon Guardian Golem          Hexes/Summoning              3
   e - Summon Lightning Spire         Summoning/Air                4
   f - Summon Ice Beast               Ice/Summoning                4
 d - a book of Air

   Spells                             Type                      Level
   a - Shock                          Conjuration/Air              1
   b - Swiftness                      Charms/Air                   2
   c - Static Discharge               Conjuration/Air              3
   d - Airstrike                      Air                          4
   e - Lightning Bolt                 Conjuration/Air              5
Comestibles
 j - 2 meat rations


   Skills:
 - Level 1.0(0.4) Fighting
 + Level 1.5(0.9) Short Blades
 + Level 0.2(0.0) Maces & Flails
 + Level 1.3(0.8) Armour
 + Level 3.1(2.5) Dodging
 + Level 3.4(2.9) Stealth
 - Level 0.1(0.0) Unarmed Combat
 + Level 6.2(5.6) Spellcasting
 + Level 6.2(5.6) Summonings
 + Level 0.7(0.2) Ice Magic


You had 4 spell levels left.
You knew the following spells:

 Your Spells              Type           Power        Failure   Level  Hunger
a - Summon Small Mammal   Summ           ####         1%          1    None
b - Call Imp              Summ           ####....     1%          2    None
c - Call Canine Familiar  Summ           ####....     1%          3    ##.....
d - Summon Ice Beast      Ice/Summ       ###.....     19%         4    ####...
e - Shock                 Conj/Air       #...         6%          1    None
f - Swiftness             Chrm/Air       #.......     10%         2    None


Dungeon Overview and Level Annotations

Branches:
Dungeon (6/15)
 Temple: D:4-7

Altars:
Ashenzari
Dithmenos
Qazlal
Sif Muna
Vehumet
Xom
Yredelemnul


Message History

* * * LOW HITPOINT WARNING * * *
The wight hits your crimson imp but does no damage.
Your crimson imp blinks!
As you read the scroll labeled UVVIACS OGAUPHAI, it crumbles to dust.
It is a scroll of enchant armour.
Your +0 leather armour glows green for a moment.
Your hound bites the wight.
Your ice beast hits the wight.
Your ice beast freezes the wight.
The wight resists.
The wight is destroyed!
The wight hits you with a flail.
* * * LOW HITPOINT WARNING * * *
Your crimson imp blinks!
Your crimson imp hits the wight.
It was a potion of ambrosia.
You are confused.
You feel invigorated. Something hits your crimson imp!
Your crimson imp dies!
The wight hits your crimson imp with an enchanted falchion!
The wight hits you with an enchanted battleaxe!
You die...

#.... #....
#.... ###+###
#.... #.....##
#.... #......#
#....##....<.#
#.....#.5....#
#.....'......#
#.....#...@5.#
#.....#...zzz#
##+########h##
#...###
#..)..#
#.z.Y.#
#.....+
#...### #...#


You could see 3 wights, a friendly ice beast, a friendly hound and 2 friendly
crimson imps.

Vanquished Creatures
  A worker ant zombie (D:5)
  An adder (D:3)
  2 dart slugs
  A leopard gecko (D:2)
  3 orcs (D:4)
  2 ball pythons
  A bat (D:3)
  A giant cockroach (D:1)
  7 goblins
  2 hobgoblins
  A jackal (D:4)
  2 quokkas (D:4)
  4 frilled lizards
  2 kobolds
  7 rats
37 creatures vanquished.

Vanquished Creatures (collateral kills)
  Pikel (D:4)
  A slave (D:4)
  The ghost of dracomuter the Changer, an amateur DrTm of Nemelex Xobeh (D:4)
  A wight (D:6)
  A crimson imp (D:5)
  2 orc priests
  An iguana (D:4)
  3 gnolls (D:3)
  4 adders
  2 worms
  A dart slug (D:4)
  12 orcs
  2 giant cockroaches
  A goblin (D:1)
  3 hobgoblins
  3 kobolds
  3 bats (D:1)
  A frilled lizard (D:2)
  2 rats
45 creatures vanquished.

Vanquished Creatures (others)
  A jackal (D:4)
1 creature vanquished.

Grand Total: 83 creatures vanquished

Notes
Turn   | Place    | Note
-------+----------+-------------------------------------------
     0 | D:1      | Meaglor the Deep Elf Summoner began the quest for the Orb.
     0 | D:1      | Reached XP level 1. HP: 10/10 MP: 6/6
   508 | D:1      | Reached XP level 2. HP: 3/15 MP: 5/8
  1087 | D:1      | Learned a level 2 spell: Call Imp
  2479 | D:2      | Reached XP level 3. HP: 12/19 MP: 10/10
  2713 | D:2      | Learned a level 3 spell: Call Canine Familiar
  3381 | D:3      | Reached skill level 5 in Summonings
  3650 | D:3      | Reached XP level 4. HP: 20/24 MP: 0/11
  3749 | D:3      | Found a basalt altar of Yredelemnul.
  3756 | D:3      | Found a shimmering altar of Xom.
  3757 | D:3      | Found a radiant altar of Vehumet.
  3778 | D:3      | Found a shattered altar of Ashenzari.
  3780 | D:3      | Found a deep blue altar of Sif Muna.
  4120 | D:3      | HP: 1/36 [poisoned by an adder]
  4348 | D:3      | HP: 1/36 [orc priest/hand axe (2)]
  4453 | D:3      | Reached skill level 1 in Short Blades
  5342 | D:4      | Noticed dracomuter's ghost (amateur DrTm)
  5357 | D:4      | Killed dracomuter's ghost
  5357 | D:4      | Reached skill level 1 in Armour
  5357 | D:4      | Reached XP level 5. HP: 18/28 MP: 5/14
  5363 | D:4      | Learned a level 4 spell: Summon Ice Beast
  5527 | D:4      | Noticed a slave
  5539 | D:4      | Killed a slave
  5540 | D:4      | Noticed a slave
  5543 | D:4      | Noticed Pikel
  5544 | D:4      | Noticed a slave
  5544 | D:4      | Noticed a slave
  5666 | D:4      | Killed Pikel
  5666 | D:4      | Reached skill level 1 in Fighting
  5666 | D:4      | Reached skill level 5 in Spellcasting
  5666 | D:4      | Reached XP level 6. HP: 20/34 MP: 2/16
  5849 | D:4      | Learned a level 1 spell: Shock
  5927 | D:4      | Learned a level 2 spell: Swiftness
  6224 | D:4      | Found a stormy altar of Qazlal.
  6224 | D:4      | Found a shadowy altar of Dithmenos.
  6438 | D:5      | Entered Level 5 of the Dungeon
  6935 | D:6      | Slain by a wight

Skill      XL: |  1  2  3  4  5  6 |
---------------+-------------------+-----
Summonings     | 5 6 |  6.2
Stealth        | 3 |  3.4
Spellcasting   | 4 5 6 |  6.2
Short Blades   | 1 |  1.5
Armour         | 1 |  1.3
Fighting       | 1 |  1.0
Dodging        | 3 |  3.1
Maces & Flails | |  0.2
Unarmed Combat | |  0.1
Ice Magic      | |  0.7

Action                   |  1- 3 |  4- 6 || total
-------------------------+-------+-------++-------
Melee: Dagger            |    18 |       ||    18
       Unarmed           |    14 |       ||    14
       Short sword       |   100 |    45 ||   145
       Whip              |       |    29 ||    29
Throw: Javelin           |       |     1 ||     1
 Cast: Summon Small Mamm |     6 |       ||     6
       Call Imp          |    14 |    29 ||    43
       Call Canine Famil |     5 |     8 ||    13
       Summon Ice Beast  |       |     7 ||     7
       Shock             |       |     7 ||     7
       Swiftness         |       |     1 ||     1
  Use: Scroll            |     1 |    11 ||    12
       Potion            |       |     6 ||     6
 Stab: Sleeping          |     6 |     3 ||     9
  Eat: Bread ration      |     2 |     2 ||     4
       Royal jelly       |       |     2 ||     2
Armor: Robe              |    19 |       ||    19
       Leather armour    |     5 |    25 ||    30
       Skin              |       |     5 ||     5
Dodge: Dodged            |   105 |    84 ||   189
